 Dungeon Crawl Stone Soup version 0.31.0-9-g3a7656b989 (webtiles) character file.

Game seed: 3985476146480123439

38 qw the Shooter (level 3, 0/18 HPs)
             Began as a Spriggan Hunter on Feb 2, 2024.
             Succumbed to their own poison gas
             ... on level 2 of the Dungeon.
             The game lasted 00:00:03 (1444 turns).

qw the Shooter (Spriggan Hunter)                    Turns: 1444, Time: 00:00:04

Health: 0/18       AC:  2    Str:  5 (7)  XL:     3   Next: 25%
Magic:  4/4        EV: 19    Int:  9 (10) God:
Gold:   109        SH:  0    Dex: 18 (20) Spells: 2/2 levels left

rFire   . . .        a - +0 shortbow (heavy)
rCold   . . .        (shield currently unavailable)
rNeg    . . .        c - +0 robe
rPois   .            (helmet restricted)
rElec   .            (no cloak)
rCorr   .            (gloves unavailable)
SInv    +            (boots unavailable)
Will    .....        (no amulet)
Stlth   ++           (no ring)
HPRegen 0.23/turn    (no ring)
MPRegen 0.09/turn

%: no passive effects
@: lethally poisoned (0 -> -4), very quick
A: very small, no large weapons, unfitting armour, see invisible, speed 3
a: no special abilities


You were on level 2 of the Dungeon.
You visited 1 branch of the dungeon, and saw 2 of its levels.

You collected 109 gold pieces.


Innate Abilities, Weirdness & Mutations

You are very small and have problems with some larger weapons.
You are too small for most types of armour.
You have supernaturally acute eyesight. (SInv)
You cover ground extremely quickly. (Speed+++)


   Skills:
 - Level 1.5 Fighting
 + Level 4.6 Ranged Weapons
 - Level 4.0 Dodging
 - Level 1.5 Stealth


You had 2 spell levels left.
You didn't know any spells.
Your spell library was empty.

Inventory:

Hand Weapons
 a - a +0 heavy shortbow (weapon)
Armour
 c - a +0 robe (worn)
Jewellery
 b - a ring of ice

Dungeon Overview and Level Annotations

Branches:
Dungeon (2/15)

Altars:

Shops:
D:1 [


Message History

Enter note:
Enter note:
Enter note: Done exploring.
1436 ||| READING scroll labelled MIAMNY WEURUATIKK.
The air fills with toxic fumes!
As you read the scroll labelled MIAMNY WEURUATIKK, it crumbles to dust.
It was a scroll of poison.
Done exploring.
What level of the Dungeon? (default 2, ? - help) Sorry, I don't know how to get there.
Enter note:
Enter note:
Enter note:
Enter note:
Enter note:
Enter note:
Enter note:
Enter note:
Enter note:
Enter note:
Enter note:
Enter note: You are engulfed in poison gas.
You are lethally poisoned!
You feel very sick.
1438 ||| Stepping ~*~*~tactically~*~*~ (cloud).
You feel sick.
There is a lethal amount of poison in your body!
You feel very sick.
There is a lethal amount of poison in your body!
You feel sick.
There is a lethal amount of poison in your body!
You feel sick.
There is a lethal amount of poison in your body!
You feel sick.
There is a lethal amount of poison in your body!
You feel sick.
There is a lethal amount of poison in your body!
You die...

....#.....#.###.......#
###....#.###.####.#####
# ###...## ##.....#
#....###.######
#.###.#.## #.# ##.## #.#
### #.# ###############
## #.# #¤0¤0¤¤@0¤¤0¤¤#
.####.# #0###¤#¤#####¤#
...##.# #.# #.#¤# #.#
....#.## #.###.#¤### #.#
.......###.#....¤¤.# #.#
...............#¤#.# #.#
...#...#.#.#...#0#.###.#
..###.##.#.#<...0¤....<#
#....................###


There were no monsters in sight!

Vanquished Creatures
  An adder (D:2)
  A ribbon worm (D:2)
  3 ball pythons (D:1)
  3 endoplasms (D:2)
  5 hobgoblins
  2 quokkas
  5 bats
  2 kobolds (D:1)
  4 rats
26 creatures vanquished.

Notes
Turn   | Place    | Note
-------+----------+-------------------------------------------
     0 | D:1      | qw the Spriggan Hunter began the quest for the Orb.
     0 | D:1      | Reached XP level 1. HP: 10/10 MP: 2/2
     0 | D:1      | 0 ||| qw: Version: 0.3-a-155-g5e7d8dd
     0 | D:1      | 0 ||| qw: Game counter: 870
     0 | D:1      | 0 ||| qw: Melee chars always use a shield: true
     0 | D:1      | 0 ||| qw: God list: Okawaru
     0 | D:1      | 0 ||| qw: Allow faded altars: false
     0 | D:1      | 0 ||| qw: Do Orc after clearing Dungeon:15 true
     0 | D:1      | 0 ||| qw: Do second Lair branch before Depths: true
     0 | D:1      | 0 ||| qw: Lair rune preference: random
     0 | D:1      | 0 ||| qw: Goals: Normal
     0 | D:1      | 0 ||| PLANNING D:1-11
    62 | D:1      | Reached skill level 3 in Dodging
   159 | D:1      | Found Vaucyempi's Armour Shop.
   171 | D:1      | 171 ||| SHOPLISTING +0 robe of Ewuqo {Rampage Str+3 Int+2}
                  | (218 gold, have 10).
   235 | D:1      | Reached XP level 2. HP: 14/14 MP: 3/3
   553 | D:1      | 553 ||| READING scroll labelled CAFOACIF SOOGO.
   554 | D:1      | 554 ||| READING scroll labelled JUROCRI XARRANO.
   555 | D:1      | 555 ||| READING scroll labelled VAPPUTA RISKEY.
   555 | D:1      | 555 ||| BRANDING +0 shortbow.
   556 | D:1      | 556 ||| DRINKING 3 fuming dark potions.
   557 | D:1      | 557 ||| DROPPING scroll of butterflies.
   558 | D:1      | 558 ||| DROPPING 2 potions of degeneration.
   641 | D:2      | Found a faded altar of an unknown god.
   783 | D:2      | Reached XP level 3. HP: 18/18 MP: 4/4
  1436 | D:2      | 1436 ||| READING scroll labelled MIAMNY WEURUATIKK.
  1438 | D:2      | 1438 ||| Stepping ~*~*~tactically~*~*~ (cloud).
  1441 | D:2      | HP: 4/18 [poisoned by you (poison gas)]
  1443 | D:2      | HP: 1/18 [poisoned by you (poison gas)]
  1444 | D:2      | Succumbed to their own poison gas

Levels and vault maps discovered:
D:1:      mrwooster_arrival_statue_3, layout_loops_ring, serial_shops, shop,
          kennysheep_nondescript, minivault_23, grunt_decor_one_mirror
D:2:      layout_loops_corners, shapermc_ecumenical_altar_gd

Skill      XL: |  1  2 |
---------------+-------+-----
Dodging        | 3 4 |  4.0
Fighting       | |  1.5
Ranged Weapons | |  4.6
Stealth        | |  1.5

Action                     || total
---------------------------++-------
   Fire: Shortbow          ||    59
    Use: Scroll            ||     4
         Potion            ||     1
 Armour: Robe              ||     3
  Dodge: Dodged            ||    18

Table legend:
 A = Non-vault XP
 B = Vault XP
 C = Vault XP percentage of total XP
 D = Non-vault monster count
 E = Vault monster count
 F = Vault count percentage of total count
                 A         B        C        D         E       F
            +---------+---------+-------+---------+---------+-------
      Total |      55 |       0 |   0.0 |      26 |       0 |   0.0
            +---------+---------+-------+---------+---------+-------
        D:1 |      19 |       0 |   0.0 |      13 |       0 |   0.0
        D:2 |      36 |       0 |   0.0 |      13 |       0 |   0.0
            +---------+---------+-------+---------+---------+-------
